AoeStats
← bullseyes

Nomad

505904077Analyzed
4v4 RM · 21d ago on Sep 11, 2026· 53m 43s· 8 players
Game mode
Random Map
Map size
231×231
Population
200
Speed
Normal
Resources
Standard
Victory
Conquest
Starting age
Dark Age
Ending age
Imperial Age
RankedLock teamsTeams togetherTeam positionsShared explorationLock speedFull tech treeHidden civsTurbo modeCheats
Victory
Defeat
🇨🇦 Bengalis · Canada
1571
+15
🇧🇪 Berbers · Belgium
1532
+17
🇺🇸 Burgundians · United States
1506
+18
🇦🇹 Huns · Austria
1475
+19
🇺🇦 Turks · Ukraine
1738
-25
🇰🇷 Tupi · South Korea
1550
-17
1459
-14
🇷🇺 Cumans · Russia
1448
-13
Neorise
5:12 Loom
12:28 Feudal Age
17:37 Castle Age
16:13 Double-Bit Axe
16:22 Horse Collar
19:00 Bow Saw
19:36 Heavy Plow
19:39 Gold Mining
20:44 Wheelbarrow
25:38 Fletching
28:04 Gold Shaft Mining
29:54 Ballistics
29:46 Town Watch
30:18 Hand Cart
31:04 Bodkin Arrow
31:09 Padded Archer Armor
34:30 Imperial Age
32:09 Husbandry
32:32 Bloodlines
33:19 Stone Mining
34:35 Scale Barding Armor
34:40 Forging
34:46 Leather Archer Armor
35:39 Conscription
36:17 Chain Barding Armor
36:03 Bracer
37:54 Chemistry
37:05 Fortified Wall
36:50 Murder Holes
36:35 Treadmill Crane
38:01 Iron Casting
40:08 Blast Furnace
39:41 Ring Archer Armor
40:37 Plate Barding Armor
40:27 Paiks
41:02 Masonry
42:03 Elite Battle Elephant
45:17 Architecture
44:52 Siege Engineers
47:10 Elite Ratha (Ranged)
49:38 Two-Man Saw
PowerP
12:54 Loom
15:14 Feudal Age
16:56 Double-Bit Axe
19:36 Castle Age
17:31 Fletching
18:15 Padded Archer Armor
20:09 Bloodlines
20:45 Thumb Ring
20:39 Bodkin Arrow
20:45 Gold Mining
24:50 Ballistics
32:01 Leather Archer Armor
33:08 Wheelbarrow
35:09 Hand Cart
37:36 Scale Barding Armor
37:42 Forging
41:08 Imperial Age
39:25 Marauders
39:48 Chain Barding Armor
40:03 Iron Casting
41:07 Husbandry
42:21 Conscription
43:42 Plate Barding Armor
43:39 Elite Genitour
43:47 Elite Tarkan
47:20 Town Watch
53:07 Scale Mail Armor
54:08 Blast Furnace
53:08 Bracer
53:27 Pikeman
54:07 Squires
bullseyes
7:04 Loom
13:41 Feudal Age
17:29 Castle Age
17:08 Double-Bit Axe
17:19 Stone Mining
17:43 Fletching
26:23 Horse Collar
30:48 Wheelbarrow
34:41 Imperial Age
32:41 Stone Mining
33:28 Bodkin Arrow
33:47 Gold Mining
34:11 Bow Saw
34:09 Heavy Plow
34:29 Bloodlines
34:56 Padded Archer Armor
35:01 Town Watch
35:32 Bracer
36:58 Padded Archer Armor
37:04 Husbandry
37:44 Conscription
39:07 Ballistics
39:48 Chemistry
41:15 Hand Cart
40:23 Heavy Camel Rider
41:10 Scale Barding Armor
43:08 Chain Barding Armor
Mr. Snuss
10:29 Loom
12:41 Feudal Age
10:58 Double-Bit Axe
17:14 Castle Age
15:25 Bow Saw
17:56 Fishing Lines
19:40 Two-Man Saw
19:23 Horse Collar
23:29 Wheelbarrow
23:27 Medium Warships
25:27 Town Watch
26:13 Heavy Plow
26:40 Gold Mining
28:39 Hand Cart
28:22 Fletching
28:58 Bodkin Arrow
32:09 Imperial Age
29:19 Cavalier
29:59 Husbandry
30:49 Scale Barding Armor
31:55 Chain Barding Armor
33:24 Plate Barding Armor
33:08 Forging
32:43 Paladin
34:02 Light Cavalry
36:37 Forging
37:51 Hussar
44:08 Gold Shaft Mining
43:26 Stone Mining
46:10 Bracer
48:16 Ballistics
lxnmnk Trade | B | S
4:42 Loom
14:15 Feudal Age
15:37 Double-Bit Axe
18:16 Castle Age
17:57 Fishing Lines
19:10 Bow Saw
19:28 Gillnets
20:07 Gold Mining
20:52 Horse Collar
24:12 Gold Mining
24:53 Forging
25:04 Medium Warships
27:53 Wheelbarrow
27:22 Heavy Plow
27:08 Town Watch
31:17 Imperial Age
28:55 Fletching
31:42 Hand Cart
31:23 Stone Mining
32:20 Gold Shaft Mining
32:22 Bodkin Arrow
37:13 Bodkin Arrow
37:55 Bracer
38:45 Ballistics
38:11 Elite Janissary
39:39 Padded Archer Armor
40:37 Leather Archer Armor
42:01 Coinage
43:09 Ring Archer Armor
43:54 Two-Man Saw
43:31 Banking
43:40 Bombard Tower
44:52 Capped Ram
50:24 Siege Ram
수상
5:06 Loom
14:22 Feudal Age
18:02 Castle Age
16:56 Double-Bit Axe
17:02 Gold Mining
19:45 Fletching
21:46 Ballistics
22:21 Bodkin Arrow
24:26 Bow Saw
25:22 Horse Collar
26:46 Padded Archer Armor
28:44 Wheelbarrow
28:29 Town Watch
28:51 Heavy Plow
37:28 Imperial Age
35:14 Hand Cart
35:42 Leather Archer Armor
38:18 Curare
38:41 Bracer
42:52 Elite Blackwood Archer
50:21 Chemistry
电脑人-偷家鸡鸡短三寸-
5:21 Loom
15:20 Feudal Age
19:43 Castle Age
18:21 Double-Bit Axe
18:54 Fletching
19:20 Gold Mining
19:45 Crossbowman
24:44 Padded Archer Armor
25:37 Bodkin Arrow
Dis
5:03 Loom
12:16 Feudal Age
13:15 Double-Bit Axe
18:35 Horse Collar
22:10 Castle Age
25:33 Wheelbarrow
30:57 Gold Mining
31:43 Hand Cart
35:33 Imperial Age
34:05 Heavy Plow
34:24 Forging
34:19 Scale Barding Armor
35:47 Iron Casting
35:24 Bloodlines
35:35 Elite Steppe Lancer
36:58 Chain Barding Armor
38:36 Blast Furnace
39:32 Plate Barding Armor
44:34 Pikeman
45:15 Squires
45:00 Arson
45:35 Halberdier
46:38 Scale Mail Armor
47:16 Town Watch
51:25 Chain Mail Armor
Connection lost

Rejoining the realm…

Still unreachable

The connection could not be restored.

Session expired

The server has moved on; the page needs a fresh start.